 Dungeon Crawl Stone Soup version 0.25-a0-100-g33052ceff8 (webtiles) character file.

Game seed: 16002163158000425460, levelgen mode: deterministic

0 Gargoyl the Skirmisher (level 1, -19/19 HPs)
             Began as a Centaur Abyssal Knight on Nov 14, 2019.
             Was a Follower of Lugonu.
             Demolished by a tentacled starspawn (38 damage)
             ... on level 3 of the Abyss.
             The game lasted 00:00:40 (312 turns).

Gargoyl the Skirmisher (Centaur Abyssal Knight)      Turns: 312, Time: 00:00:40

Health: -19/19     AC:  4    Str: 14    XL:     1   Next: 0%
Magic:  2/2        EV:  9    Int: 11    God:    Lugonu [*.....]
Gold:   0          SH:  0    Dex:  8    Spells: 0/0 levels left

rFire    . . .     SeeInvis .   a - +1 hand axe
rCold    . . .     Gourm    .   (no shield)
rNeg     . . .     Faith    .   b - +0 leather armour
rPois    .         Spirit   .   (no helmet)
rElec    .         Reflect  .   (no cloak)
rCorr    .         Harm     .   (no gloves)
MR       .....                  (no barding)
Stlth    ..........             (no amulet)
HPRegen  0.06/turn              (no ring)
MPRegen  0.08/turn              (no ring)

@: very quick
A: large, hooves 3, deformed body, speed 2, tough skin 3
a: Depart the Abyss, Renounce Religion


You were on level 3 of the Abyss.
You worshipped Lugonu.
Lugonu was aware of your devotion.
You were not hungry.

You visited 0 branches of the dungeon, and saw 0 of its levels.
You visited the Abyss 1 time.

Inventory:

Hand Weapons
 a - a +1 hand axe (weapon)
Armour
 b - a +0 leather armour (worn)
Comestibles
 c - 2 rations


   Skills:
 + Level 3.0 Fighting
 + Level 1.7 Axes
 + Level 1.3 Armour
 + Level 0.6 Dodging
 + Level 2.0 Invocations


You couldn't memorise any spells.
You didn't know any spells.
Your spell library was empty.

Dungeon Overview and Level Annotations

Branches:
Dungeon (0/15)

Altars:


Innate Abilities, Weirdness & Mutations

You have hooves in place of feet.
Armour fits poorly on your strangely shaped body.
You cover ground very quickly.
You have extremely tough skin. (AC +3)


Message History

It is a scroll of identify.
You don't have any unidentified items.
A ynoxinul comes into view.
A ynoxinul is nearby!
A sixfirhy comes into view.
You are suddenly pulled into a different region of the Abyss!
You open the door.
Found a shimmering blue altar of Sif Muna.
There is an open door here.
A tentacled starspawn comes into view.
A tentacle flies out from the starspawn's body!
A starspawn tentacle comes into view.
Tentacles burst from the starspawn's body! 2 starspawn tentacles come into view.
You hit the tentacled starspawn but do no damage.
You kick the tentacled starspawn.
The tentacled starspawn is lightly damaged.
The tentacled starspawn bites you!!!
Ouch! That really hurt!
You die...

#.## ## # #.
# # # #
.###... .. .
... .# #.. #
. # ###.#.
### ###..
..#.#.#. .#
#.######....
#. ###@#..#.
.### ##. #
#X###... . #
# ##.#.#..#
##.#. #.
##...#.#..
## # ##
#.....###..#
. #..#### ##
# . . #.#
.#. . . # #
# ## . . . .
#


You could see a tentacled starspawn.

Vanquished Creatures (others)
  4 starspawn tentacles (Abyss:3)
4 creatures vanquished.

Notes
Turn   | Place    | Note
-------+----------+-------------------------------------------
     0 | Abyss:1  | Gargoyl the Centaur Abyssal Knight began the quest for the
                  | Orb.
     0 | Abyss:1  | Reached XP level 1. HP: 19/19 MP: 2/2
    52 | Abyss:1  | Noticed a small abomination
    57 | Abyss:1  | Found a corrupted altar of Lugonu.
   161 | Abyss:2  | Noticed a blink frog
   196 | Abyss:3  | Noticed a ynoxinul
   204 | Abyss:3  | Noticed a sixfirhy
   208 | Abyss:3  | Found a shimmering blue altar of Sif Muna.
   282 | Abyss:3  | Noticed a tentacled starspawn
   312 | Abyss:3  | Demolished by a tentacled starspawn

Levels and vault maps discovered:
Abyss:3:  evilmike_abyss_exit_glass, due_exit_kobolds, evilmike_abyss_exit_15,
          hangedman_abyss_lost_library

Action                   || total
-------------------------++-------
Melee: Hand axe          ||     1
       Kick              ||     1
  Use: Scroll            ||     2
       Potion            ||     1

Table legend:
 A = Non-vault XP
 B = Vault XP
 C = Vault XP percentage of total XP
 D = Non-vault monster count
 E = Vault monster count
 F = Vault count percentage of total count
                 A         B        C        D         E       F
            +---------+---------+-------+---------+---------+-------
      Total |       0 |       0 |   N/A |       0 |       0 |  -nan
            +---------+---------+-------+---------+---------+-------
            +---------+---------+-------+---------+---------+-------
